cohdb
Replays
Latest Replays
All Replays
Popular Replays
Top Player Replays
Match Explorer
How It Works
Community
CoH3 Stats
Reddit
Sign in to upload your games and track your stats! →
Sign in with Steam
Match 45628466
Unlisted
Match 45628466
Overview
Messages
Build Orders
End
Kradschützen Motorcycle Team
Selects Panzerjäger Kommand Battlegroup
Selects Mine Fields
250 Light Carrier
Panzerpioneer Squad
Panzerpioneer Squad
Construct Light Support Kompanie
Combat Half-tracks
Selects GrB 39 Grenade Launcher Requisition
Fire Support Elements
Vehicle Survival Package
Flakvierling Half-track
Panzerjäger Mechanized Group
Advanced Field Repairs
Pak 38 Anti-tank Gun Team
Panzerpioneer Squad
Construct Panzerarmee Kommand
Assault Mechanized Group
Selects Crew Shock Tactics
Panzer III L Medium Tank
Panzer III L Medium Tank
Emergency Repair Kits
Selects Defensive Positions
Selects Butterfly Bomb Drop
Butterfly Bomb Drop
RedLeaderToBase
PaNiC
MillenniumKnight
Surveillance-Buoy 2
0
0
Comments
sign in to comment!
No comments posted yet!